 Dungeon Crawl Stone Soup version 0.23.0 (webtiles) character file.

Game seed: 13525941566123009389

1248 fartymcfart the Chopper (level 8, -1/62 HPs)
             Began as a Demonspawn Fighter on Feb 15, 2019.
             Slain by a hound (4 damage)
             ... while paralysed by a hornet
             ... on level 5 of the Dungeon.
             The game lasted 00:04:46 (6305 turns).

fartymcfart the Chopper (Demonspawn Fighter)        Turns: 6305, Time: 00:04:47

Health: -1/62      AC: 10    Str: 22    XL:     8   Next: 26%
Magic:  8/8        EV:  2    Int: 12    God:
Gold:   301        SH:  0    Dex: 12    Spells: 7/7 levels left

rFire    . . .     SeeInvis .   a - +0 war axe
rCold    . . .     Gourm    .   c - +0 shield
rNeg     . . .     Faith    .   b - +0 scale mail
rPois    .         Spirit   .   (helmet restricted)
rElec    .         Reflect  .   (no cloak)
rCorr    .         Harm     .   (no gloves)
MR       .....                  k - +0 pair of boots
Stlth    ..........             (no amulet)
HPRegen  0.20/turn              (no ring)
MPRegen  0.11/turn              (no ring)

@: paralysed, mighty, lethally poisoned (-1 -> -20), slowed
A: antennae 1, molten scales 1, rot immunity
a: no special abilities


You were on level 5 of the Dungeon.
You were hungry.

You visited 2 branches of the dungeon, and saw 6 of its levels.

You collected 301 gold pieces.

Inventory:

Hand Weapons
 a - a +0 war axe (weapon)
Armour
 b - a +0 scale mail (worn)
 c - a +0 shield (worn)
 k - a +0 pair of boots (worn)
Jewellery
 l - a +5 amulet of reflection {unknown}
 n - an uncursed ring of ice {unknown}
Scrolls
 e - a scroll of enchant armour {unknown}
 g - a scroll of random uselessness {unknown}
 h - a scroll of amnesia {unknown}
 i - 6 scrolls of identify {unknown}
 j - 5 scrolls of remove curse {unknown}
 m - 3 scrolls of teleportation {unknown}
 o - a scroll of fog {unknown}
 q - a scroll of magic mapping {unknown}
Comestibles
 f - 8 rations


   Skills:
 + Level 5.3 Fighting
 * Level 6.0 Axes
 + Level 4.8 Armour
 + Level 4.8 Shields


You had 7 spell levels left.
You didn't know any spells.
Your spell library was empty.

Dungeon Overview and Level Annotations

Branches:
Dungeon (5/15)             Temple (1/1) D:4

Altars:
Ashenzari
Cheibriados
Dithmenos
Fedhas
Gozag
Hepliaklqana
Kikubaaqudgha
Makhleb
Nemelex Xobeh
Qazlal
Sif Muna
Trog
Uskayaw
Vehumet
Wu Jian
Yredelemnul
Zin


Innate Abilities, Weirdness & Mutations

You have a pair of small antennae on your head.
You are partially covered in molten scales. (AC +2)
You are immune to rotting.


Message History

You feel sick. The hornet stings you.
* * * LOW HITPOINT WARNING * * *
You are more poisoned.
You feel yourself slow down. The hornet stings you.
* * * LOW HITPOINT WARNING * * *
You feel as though you will be slow longer.
A hound comes into view.
The hornet stings you.
* * * LOW HITPOINT WARNING * * *
You are more poisoned.
You shrug off the repeated paralysis!
The hound barely misses you.
You closely miss the hornet. You barely miss the hound.
* * * LOW HITPOINT WARNING * * *
You feel very sick. The hornet barely misses you. You block the hound's attack.
The hornet stings you but does no damage.
The hound barely misses you. The hornet stings you.
* * * LOW HITPOINT WARNING * * *
You suddenly lose the ability to move!
The hound bites you.
You die...

#.######.........##†....##
#.#### #^........##.....#
#....# #.........##.....#
#.#.####.........########
#.#...############ ##.#....#
##### #....#.## #....
##...#.################....
#......Zy@................
#....##..###h###########....
#.####......<# ##### #.
#...##### ### #...# #<#
##.## #.## ... #.(. ....
#### #...


You could see a hornet, a hound and a leopard gecko zombie.

Vanquished Creatures
  Prince Ribbit (D:5)
  A water moccasin (D:3)
  A phantom (D:5)
  A centaur (D:5)
  3 scorpions
  2 howler monkeys (D:4)
  3 hounds (D:5)
  An orc priest (D:5)
  A gnoll shaman (D:5)
  3 orc wizards
  4 worker ants
  9 adders
  6 gnolls
  A shadow imp (D:5)
  An adder skeleton (D:4)
  A worm (D:4)
  3 dart slugs
  4 leopard geckos
  9 orcs
  2 ball pythons (D:2)
  5 giant cockroaches
  8 goblins
  4 hobgoblins (D:2)
  10 jackals
  4 quokkas
  7 bats
  3 frilled lizards
  6 kobolds
  12 rats
116 creatures vanquished.

Notes
Turn   | Place    | Note
-------+----------+-------------------------------------------
     0 | D:1      | fartymcfart the Demonspawn Fighter began the quest for the
                  | Orb.
     0 | D:1      | Reached XP level 1. HP: 18/18 MP: 1/1
   302 | D:1      | Reached skill level 2 in Axes
   540 | D:1      | Gained mutation: You are partially covered in molten
                  | scales. (AC +2) [demonic ancestry]
   540 | D:1      | Reached XP level 2. HP: 23/24 MP: 2/2
   816 | D:2      | Gained mutation: You have a pair of small antennae on your
                  | head. [demonic ancestry]
   816 | D:2      | Reached XP level 3. HP: 29/29 MP: 3/3
  1164 | D:2      | Found a deep blue altar of Sif Muna.
  1364 | D:2      | Found a faded altar of an unknown god.
  1583 | D:2      | Reached XP level 4. HP: 35/35 MP: 4/4
  1652 | D:2      | Reached skill level 3 in Axes
  2105 | D:3      | Noticed a water moccasin
  2125 | D:3      | Killed a water moccasin
  2125 | D:3      | Reached XP level 5. HP: 8/42 MP: 5/5
  2673 | D:3      | Reached XP level 6. HP: 12/48 MP: 6/6
  3303 | D:3      | Found a shadowy altar of Dithmenos.
  3308 | D:3      | Reached skill level 4 in Axes
  4030 | D:4      | Gained mutation: You are immune to rotting. [demonic
                  | ancestry]
  4030 | D:4      | Reached XP level 7. HP: 41/55 MP: 7/7
  4283 | D:4      | Found a staircase to the Ecumenical Temple.
  4342 | Temple   | Entered the Ecumenical Temple
  4492 | D:5      | Entered Level 5 of the Dungeon
  5090 | D:5      | Reached skill level 5 in Axes
  5114 | D:5      | Noticed Prince Ribbit
  5184 | D:5      | Killed Prince Ribbit
  5343 | D:5      | Reached skill level 5 in Fighting
  5620 | D:5      | Reached XP level 8. HP: 36/62 MP: 8/8
  5881 | D:5      | Reached skill level 6 in Axes
  6289 | D:5      | Noticed a hornet
  6301 | D:5      | Paralysed by a hornet for 3 turns
  6305 | D:5      | HP: 3/62 [hornet (5)]
  6305 | D:5      | Paralysed by a hornet for 1 turns
  6305 | D:5      | Slain by a hound

Skill      XL: |  1  2  3  4  5  6  7  8 |
---------------+-------------------------+-----
Axes           | 2 3 4 5 6 |  6.0
Armour         | 3 4 |  4.8
Shields        | 3 4 |  4.8
Fighting       | 4 5 |  5.3

Action                   |  1- 3 |  4- 6 |  7- 9 || total
-------------------------+-------+-------+-------++-------
Melee: War axe           |   131 |   214 |   195 ||   540
  Use: Potion            |       |     3 |     4 ||     7
  Eat: Chunk             |     2 |     8 |     4 ||    14
       Ration            |       |       |     1 ||     1
Armor: Scale mail        |    88 |   124 |    96 ||   308
       Skin              |       |       |    10 ||    10
Dodge: Dodged            |    32 |    93 |    53 ||   178
Block: Shield            |    51 |   138 |   124 ||   313
